 Dungeon Crawl Stone Soup version 0.19.0-22-gd96e5fe (webtiles) character file.

59 dobroeutro the Sneak (level 3, -4/16 HPs)
             Began as a Spriggan Enchanter on Nov 18, 2016.
             Killed by divine providence
             ... invoked by an orc priest
              (14 damage)
             ... on level 3 of the Dungeon.
             The game lasted 00:03:41 (1926 turns).

dobroeutro the Sneak (Spriggan Enchanter)           Turns: 1926, Time: 00:03:42

Health: -4/16      AC:  4    Str:  4    XL:     3   Next: 78%
Magic:  9/9        EV: 18    Int: 16    God:
Gold:   166        SH:  0    Dex: 17    Spells: 2 memorised, 6 levels left

rFire  . . .     SeeInvis +     p - +0 short sword
rCold  + . .     Gourm    .     b - +2 robe
rNeg   . . .     Faith    .     (shield restricted)
rPois  .         Spirit   .     (helmet restricted)
rElec  .         Reflect  .     (no cloak)
rCorr  .         Harm     .     (gloves unavailable)
MR     .....                    (boots unavailable)
Stlth  +++.......               (no amulet)
                                (no ring)
                                i - ring of protection from cold

@: very quick
A: unfitting armour, see invisible, herbivore 3, speed 3, slow metabolism 2
a: no special abilities


You were on level 3 of the Dungeon.
You were not hungry.

You visited 1 branch of the dungeon, and saw 3 of its levels.

You collected 166 gold pieces.

Inventory:

Hand Weapons
 p - a +0 short sword (weapon)
Armour
 b - a +2 robe (worn)
Jewellery
 i - a ring of protection from cold (left hand)
Scrolls
 a - a scroll of teleportation
 f - a scroll of random uselessness
 h - 4 scrolls of identify
 l - a scroll of noise {unknown}
 m - a scroll of amnesia {unknown}
Potions
 e - a potion of heal wounds {unknown}
 g - a potion of resistance {unknown}
 n - a potion of lignification {unknown}
 o - a potion of might
Books
 c - a book of Maledictions

   Spells                             Type                      Level
   a - Corona                         Hexes                        1
   b - Ensorcelled Hibernation        Hexes/Ice                    2
   c - Confuse                        Hexes                        3
   d - Tukima's Dance                 Hexes                        3
   e - Dazzling Spray                 Conjuration/Hexes            3
Comestibles
 d - 2 bread rations
 j - a royal jelly
 k - 2 slices of pizza


   Skills:
 * Level 2.4 Short Blades
 - Level 3.0 Dodging
 + Level 5.2 Stealth
 + Level 3.6 Spellcasting
 + Level 4.0 Hexes


You had 6 spell levels left.
You knew the following spells:

 Your Spells              Type           Power        Failure   Level  Hunger
a - Corona                Hex            ###....      4%          1    None
b - Ensorcelled Hibernat  Hex/Ice        #.....       14%         2    ##.....


Dungeon Overview and Level Annotations

Branches:
Dungeon (3/15)

Altars:


Innate Abilities, Weirdness & Mutations

You are very small and have problems with some larger weapons.
You are too small for most types of armour.
You have supernaturally acute eyesight. (SInv)
You are a herbivore.
You cover ground extremely quickly.
You need consume almost no food.


Message History

There is a stone staircase leading up here.
n - a sedimented silvery potion You now have 166 gold pieces (gained 5).
Found 22 bolts.
An orc comes into view.
It is wielding a war axe. 2 orcs come into view.
Found a scroll of random uselessness.
You see here 22 bolts.
An orc comes into view. It is wielding a trident.
Found a stone staircase leading down.
An orc priest comes into view. It is wielding a falchion.
The helpless orc fails to defend itself.
You impale the orc!!
You kill the orc!
The orc shouts! x2; The orc priest shouts!
You hear a shout!
The orc hits you with a dagger.
The orc priest mumbles some strange prayers to Beogh against you.
Beogh smites you!
Ouch! That really hurt!
You die...

#### # ...## #.
##...##
#o.##..?..###.#
.>o..o.....
#.o)..# #.@.#
##.## #.# #(#
#. #.# . #.#
##.## #.######
#.... #......#
#.#.#
...#......#
#.#.#


You could see an orc priest and 3 orcs.

Vanquished Creatures
  A worm (D:2)
  2 leopard geckos
  An orc (D:3)
  A ball python (D:1)
  5 bats (D:2)
  13 giant cockroaches
  6 goblins
  6 hobgoblins
  2 frilled lizards
  4 kobolds
  6 rats
47 creatures vanquished.

Notes
Turn   | Place    | Note
-------+----------+-------------------------------------------
     0 | D:1      | dobroeutro the Spriggan Enchanter began the quest for the Orb.
     0 | D:1      | Reached XP level 1. HP: 9/9 MP: 5/5
   635 | D:1      | Reached XP level 2. HP: 13/13 MP: 7/7
   664 | D:1      | Learned a level 2 spell: Ensorcelled Hibernation
  1162 | D:2      | Reached XP level 3. HP: 8/16 MP: 5/8
  1475 | D:2      | Reached skill level 5 in Stealth
  1926 | D:3      | Killed from afar by an orc priest

Skill      XL: |  1  2  3 |
---------------+----------+-----
Spellcasting   | 3 |  3.6
Short Blades   | 2 |  2.4
Stealth        | 5 |  5.2
Hexes          | 4 |  4.0
Dodging        | |  3.0

Action                   || total
-------------------------++-------
Melee: Dagger            ||   233
       Short sword       ||    22
 Cast: Ensorcelled Hiber ||     4
  Use: Scroll            ||     6
 Stab: Sleeping          ||    12
       Distracted        ||     1
Armor: Robe              ||    31
Dodge: Dodged            ||   241
